[ AOE2 MATCH · #495911074 ]
UnrankedShu vs Chinese
Player's team · LOSS
Rival team · WIN
[ REPLAY ANALYSIS · EXTRACTED FROM THE RECORDED GAME ]
Feudal
9:30
Castle
22:31
Imperial
34:30
| APM avg | 52.8 |
| APM peak | 104 |
| eAPM avg | 20.3 |
| Villagers / military | 120 / 89 |
Focus
⚔️ 32.7% · 🌾 67.3%
Archer ×84 · Unknown (1942) ×4 · Mangonel ×2 · Spearman ×2 · Monk ×1
Feudal
9:15
Castle
20:23
Imperial
38:49
| APM avg | 50.3 |
| APM peak | 96 |
| eAPM avg | 24.3 |
| Villagers / military | 155 / 167 |
Focus
⚔️ 34.7% · 🌾 65.3%
Scout Cavalry ×60 · Skirmisher ×55 · Knight ×29 · Chu Ko Nu ×8 · Scorpion ×6 · Trebuchet (Packed) ×6
Match map
Initial resources + every placement click. Lines = walls · curves = elevation contours. ◆ gold · ⬟ stone · ● berries · ✦ relic · ◌ wall gap
Your base· Open — 5t gap
YEBISU's base· Open — 5t gap
Smoothed initial terrain · ◌ = detected wall gap · hover for details
Inputs per minute
— LM | Gelga - - YEBISU
Build order — LM | Gelga
First 150 of 358 actions detected
| 0:01 | Create | Villager (Male) |
| 0:01 | Create | Villager (Male) |
| 0:02 | Create | Villager (Male) |
| 0:02 | Create | Villager (Male) |
| 0:02 | Create | Villager (Male) |
| 0:03 | Build | House |
| 0:04 | Build | House |
| 1:26 | Create | Villager (Male) |
| 1:27 | Create | Villager (Male) |
| 1:45 | Create | Villager (Male) |
| 1:47 | Build | Lumber Camp |
| 2:39 | Create | Villager (Male) |
| 2:39 | Create | Villager (Male) |
| 2:40 | Create | Villager (Male) |
| 2:40 | Create | Villager (Male) |
| 3:10 | Build | House |
| 3:11 | Build | House |
| 3:22 | Create | Villager (Male) |
| 3:23 | Create | Villager (Male) |
| 4:11 | Build | Mill |
| 4:18 | Create | Villager (Male) |
| 4:18 | Create | Villager (Male) |
| 4:26 | Create | Villager (Male) |
| 5:26 | Create | Villager (Male) |
| 5:32 | Create | Villager (Male) |
| 6:29 | Build | Mill |
| 6:30 | Create | Villager (Male) |
| 6:32 | Research | Loom |
| 7:14 | Build | Mining Camp |
| 7:20 | Research | Feudal Age |
| 8:37 | Build | Barracks |
| 9:08 | Create | Villager (Male) |
| 9:08 | Create | Villager (Male) |
| 9:30 | Age | Feudal Age |
| 9:38 | Build | Watch Tower |
| 9:42 | Build | Archery Range |
| 9:50 | Create | Villager (Male) |
| 10:05 | Create | Villager (Male) |
| 10:07 | Create | Spearman |
| 10:09 | Build | Palisade Wall |
| 10:22 | Build | House |
| 10:22 | Research | Double-Bit Axe |
| 10:44 | Create | Villager (Male) |
| 10:45 | Create | Archer |
| 10:46 | Create | Archer |
| 10:50 | Build | House |
| 10:52 | Build | House |
| 10:53 | Build | Palisade Wall |
| 11:07 | Build | House |
| 11:11 | Build | Palisade Wall |
| 11:13 | Build | Palisade Wall |
| 11:13 | Build | Palisade Wall |
| 11:27 | Create | Villager (Male) |
| 11:28 | Create | Archer |
| 11:38 | Build | Blacksmith |
| 11:57 | Create | Archer |
| 12:00 | Create | Villager (Male) |
| 12:07 | Build | Palisade Wall |
| 12:12 | Create | Villager (Male) |
| 12:15 | Build | Farm |
| 12:20 | Create | Spearman |
| 12:35 | Research | Fletching |
| 12:38 | Build | Farm |
| 12:40 | Build | Farm |
| 12:54 | Build | Palisade Gate |
| 13:09 | Create | Villager (Male) |
| 13:10 | Create | Archer |
| 13:18 | Create | Villager (Male) |
| 13:38 | Create | Villager (Male) |
| 13:41 | Create | Archer |
| 14:06 | Create | Archer |
| 14:06 | Create | Villager (Male) |
| 14:37 | Build | House |
| 14:39 | Build | House |
| 14:59 | Create | Villager (Male) |
| 15:10 | Build | House |
| 15:36 | Build | Farm |
| 15:41 | Create | Villager (Male) |
| 15:43 | Create | Archer |
| 15:44 | Create | Archer |
| 15:51 | Create | Villager (Male) |
| 15:54 | Build | Farm |
| 16:01 | Build | Market |
| 16:06 | Create | Villager (Male) |
| 16:11 | Build | Farm |
| 16:25 | Build | House |
| 16:29 | Build | Palisade Wall |
| 16:32 | Create | Villager (Male) |
| 16:33 | Create | Archer |
| 16:36 | Build | Farm |
| 17:01 | Create | Villager (Male) |
| 17:02 | Build | Farm |
| 17:08 | Build | Farm |
| 17:25 | Create | Villager (Male) |
| 17:28 | Create | Archer |
| 17:45 | Create | Villager (Male) |
| 17:49 | Build | Farm |
| 17:52 | Build | Farm |
| 18:18 | Research | Wheelbarrow |
| 18:21 | Build | Archery Range |
| 18:32 | Build | House |
| 19:26 | Research | Castle Age |
| 19:40 | Create | Archer |
| 19:40 | Create | Archer |
| 19:40 | Create | Archer |
| 19:56 | Research | Horse Collar |
| 20:11 | Research | Gold Mining |
| 20:13 | Research | Padded Archer Armor |
| 20:13 | Research | Padded Archer Armor |
| 20:18 | Research | Padded Archer Armor |
| 20:20 | Create | Archer |
| 20:20 | Create | Archer |
| 20:36 | Create | Archer |
| 20:36 | Create | Archer |
| 20:55 | Build | Outpost |
| 21:05 | Create | Archer |
| 21:05 | Create | Archer |
| 21:09 | Create | Archer |
| 21:30 | Build | Lumber Camp |
| 21:48 | Build | House |
| 21:56 | Create | Archer |
| 22:15 | Create | Archer |
| 22:18 | Create | Villager (Male) |
| 22:31 | Age | Castle Age |
| 22:34 | Research | Crossbowman (upgrade) |
| 22:34 | Research | Crossbowman (upgrade) |
| 22:35 | Research | Bodkin Arrow |
| 22:35 | Research | Bodkin Arrow |
| 22:37 | Create | Villager (Male) |
| 22:39 | Build | Siege Workshop |
| 23:00 | Build | House |
| 23:03 | Build | House |
| 23:09 | Create | Villager (Male) |
| 23:15 | Create | Mangonel |
| 23:39 | Create | Villager (Male) |
| 23:44 | Build | House |
| 23:59 | Create | Archer |
| 23:59 | Create | Archer |
| 24:13 | Create | Archer |
| 24:13 | Create | Archer |
| 24:18 | Create | Villager (Male) |
| 24:18 | Create | Villager (Male) |
| 24:19 | Create | Villager (Male) |
| 24:19 | Create | Villager (Male) |
| 24:19 | Create | Villager (Male) |
| 24:53 | Create | Archer |
| 24:54 | Create | Archer |
| 24:54 | Create | Archer |
| 25:00 | Create | Villager (Male) |
| 25:03 | Research | Bow Saw |
Build order — YEBISU
First 150 of 501 actions detected
| 0:02 | Research | Loom |
| 0:49 | Create | Villager (Male) |
| 1:13 | Create | Villager (Male) |
| 1:32 | Build | Lumber Camp |
| 1:41 | Create | Villager (Male) |
| 2:03 | Create | Villager (Male) |
| 2:35 | Create | Villager (Male) |
| 2:54 | Create | Villager (Male) |
| 3:17 | Build | House |
| 3:22 | Create | Villager (Male) |
| 3:24 | Create | Villager (Male) |
| 3:42 | Build | House |
| 4:08 | Create | Villager (Male) |
| 4:23 | Create | Villager (Male) |
| 4:33 | Create | Villager (Male) |
| 4:39 | Build | Mill |
| 5:15 | Create | Villager (Male) |
| 5:49 | Create | Villager (Male) |
| 6:18 | Create | Villager (Male) |
| 6:25 | Build | Mill |
| 7:05 | Research | Feudal Age |
| 7:05 | Research | Feudal Age |
| 7:06 | Research | Feudal Age |
| 7:50 | Create | Villager (Male) |
| 7:54 | Build | Barracks |
| 8:14 | Create | Villager (Male) |
| 8:31 | Create | Villager (Male) |
| 9:15 | Age | Feudal Age |
| 9:17 | Build | Stable |
| 9:21 | Research | Double-Bit Axe |
| 9:38 | Research | Horse Collar |
| 9:45 | Build | House |
| 9:54 | Create | Villager (Male) |
| 10:00 | Build | House |
| 10:03 | Build | Palisade Wall |
| 10:08 | Create | Scout Cavalry |
| 10:09 | Create | Villager (Male) |
| 10:20 | Build | Palisade Wall |
| 10:23 | Create | Scout Cavalry |
| 10:27 | Create | Villager (Male) |
| 10:29 | Build | Palisade Wall |
| 10:34 | Build | Palisade Wall |
| 10:40 | Build | Palisade Wall |
| 10:44 | Build | Farm |
| 10:45 | Build | Farm |
| 10:54 | Build | House |
| 10:56 | Build | Palisade Wall |
| 10:56 | Build | Palisade Wall |
| 10:58 | Build | Palisade Wall |
| 10:59 | Create | Scout Cavalry |
| 11:15 | Create | Villager (Male) |
| 11:17 | Build | Farm |
| 11:20 | Build | Farm |
| 11:32 | Create | Scout Cavalry |
| 11:47 | Create | Villager (Male) |
| 11:54 | Build | House |
| 11:58 | Build | Farm |
| 12:02 | Build | Farm |
| 12:03 | Build | Farm |
| 12:25 | Create | Villager (Male) |
| 12:28 | Create | Villager (Male) |
| 12:34 | Create | Villager (Male) |
| 12:38 | Build | Archery Range |
| 12:50 | Build | Farm |
| 12:58 | Create | Villager (Male) |
| 13:07 | Create | Villager (Male) |
| 13:20 | Build | House |
| 13:25 | Build | House |
| 13:28 | Build | Palisade Wall |
| 13:30 | Create | Skirmisher |
| 13:35 | Create | Villager (Male) |
| 13:37 | Create | Villager (Male) |
| 13:41 | Build | Farm |
| 13:54 | Build | Palisade Wall |
| 13:58 | Create | Skirmisher |
| 14:02 | Create | Villager (Male) |
| 14:05 | Build | Farm |
| 14:13 | Create | Villager (Male) |
| 14:25 | Build | Blacksmith |
| 14:33 | Create | Villager (Male) |
| 14:49 | Create | Skirmisher |
| 15:10 | Research | Padded Archer Armor |
| 15:27 | Create | Villager (Male) |
| 15:41 | Build | Palisade Wall |
| 15:43 | Build | Farm |
| 15:46 | Build | Farm |
| 15:56 | Build | Farm |
| 16:01 | Build | Farm |
| 16:04 | Build | Farm |
| 16:07 | Build | Mining Camp |
| 16:40 | Build | Palisade Wall |
| 16:51 | Build | House |
| 16:59 | Create | Villager (Male) |
| 17:01 | Build | Farm |
| 17:14 | Create | Skirmisher |
| 17:19 | Build | Lumber Camp |
| 17:43 | Research | Castle Age |
| 17:51 | Create | Skirmisher |
| 18:03 | Build | Lumber Camp |
| 18:13 | Research | Gold Mining |
| 18:25 | Create | Skirmisher |
| 18:39 | Build | Archery Range |
| 18:50 | Research | Bloodlines |
| 18:53 | Create | Skirmisher |
| 19:04 | Research | Fletching |
| 19:05 | Research | Fletching |
| 19:21 | Create | Villager (Male) |
| 19:24 | Build | Farm |
| 19:27 | Build | Farm |
| 19:32 | Build | Farm |
| 19:53 | Research | Scale Barding Armor |
| 19:58 | Create | Skirmisher |
| 20:23 | Age | Castle Age |
| 20:24 | Research | Elite Skirmisher (upgrade) |
| 20:26 | Create | Knight |
| 20:28 | Research | Bow Saw |
| 20:38 | Build | Town Center |
| 20:44 | Research | Heavy Plow |
| 20:45 | Create | Villager (Male) |
| 20:46 | Create | Knight |
| 21:04 | Research | Bodkin Arrow |
| 21:04 | Research | Bodkin Arrow |
| 21:04 | Research | Bodkin Arrow |
| 21:18 | Create | Villager (Male) |
| 21:34 | Create | Villager (Male) |
| 21:35 | Create | Villager (Male) |
| 21:46 | Build | Town Center |
| 21:56 | Create | Knight |
| 21:58 | Create | Villager (Male) |
| 22:13 | Create | Villager (Male) |
| 22:16 | Build | Farm |
| 22:17 | Build | Farm |
| 22:18 | Create | Villager (Male) |
| 22:24 | Create | Villager (Male) |
| 22:26 | Build | House |
| 22:30 | Create | Knight |
| 22:33 | Create | Villager (Male) |
| 22:42 | Build | Farm |
| 22:47 | Build | Farm |
| 22:48 | Create | Villager (Male) |
| 22:51 | Create | Knight |
| 23:01 | Create | Villager (Male) |
| 23:08 | Create | Villager (Male) |
| 23:20 | Create | Villager (Male) |
| 23:40 | Research | Scale Barding Armor |
| 23:41 | Create | Villager (Male) |
| 23:43 | Build | Farm |
| 23:44 | Build | Farm |
| 23:51 | Create | Villager (Male) |
| 23:54 | Build | Siege Workshop |
Match timeline
| 7:54 | YEBISU · first_building Barracks |
| 8:37 | LM | Gelga · first_building Barracks |
| 9:15 | YEBISU · age_up feudal |
| 9:17 | YEBISU · first_building Stable |
| 9:30 | LM | Gelga · age_up feudal |
| 9:42 | LM | Gelga · first_building Archery Range |
| 10:03 | YEBISU · wall_segment Palisade Wall x4 |
| 10:09 | LM | Gelga · wall_segment Palisade Wall x1 |
| 10:20 | YEBISU · wall_segment Palisade Wall x1 |
| 10:29 | YEBISU · wall_segment Palisade Wall x1 |
| 10:34 | YEBISU · wall_segment Palisade Wall x6 |
| 10:40 | YEBISU · wall_segment Palisade Wall x2 |
| 10:53 | LM | Gelga · wall_segment Palisade Wall x1 |
| 10:56 | YEBISU · wall_segment Palisade Wall x1 |
| 10:56 | YEBISU · wall_segment Palisade Wall x1 |
| 10:58 | YEBISU · wall_segment Palisade Wall x13 |
| 11:11 | LM | Gelga · wall_segment Palisade Wall x7 |
| 11:13 | LM | Gelga · wall_segment Palisade Wall x1 |
| 11:13 | LM | Gelga · wall_segment Palisade Wall x1 |
| 12:07 | LM | Gelga · wall_segment Palisade Wall x9 |
| 12:38 | YEBISU · first_building Archery Range |
| 13:28 | YEBISU · wall_segment Palisade Wall x3 |
| 13:54 | YEBISU · wall_segment Palisade Wall x8 |
| 15:41 | YEBISU · wall_segment Palisade Wall x9 |
| 16:29 | LM | Gelga · wall_segment Palisade Wall x7 |
| 16:40 | YEBISU · wall_segment Palisade Wall x9 |
| 17:55 | LM | Gelga · first_market_buy 100 food |
| 19:06 | LM | Gelga · first_market_sell 100 wood |
| 20:23 | YEBISU · age_up castle |
| 22:31 | LM | Gelga · age_up castle |
| 22:39 | LM | Gelga · first_building Siege Workshop |
| 23:54 | YEBISU · first_building Siege Workshop |
| 26:29 | YEBISU · first_building Monastery |
| 27:46 | LM | Gelga · wall_segment Palisade Wall x1 |
| 30:25 | LM | Gelga · first_building Monastery |
| 31:17 | LM | Gelga · wall_segment Palisade Wall x1 |
| 31:46 | YEBISU · first_building Castle |
| 34:30 | LM | Gelga · age_up imperial |
| 35:12 | LM | Gelga · first_building Castle |
| 35:35 | YEBISU · first_market_buy 100 food |
| 35:38 | YEBISU · first_market_sell 100 wood |
| 38:49 | YEBISU · age_up imperial |
| 41:44 | LM | Gelga · first_building Stable |
| 44:55 | LM | Gelga · resign |
[ AI ANALYSIS · 1 CREDIT ]
What really happened in this match?
Wolo.gg analyzes every decision: build order, eco, micro, common mistakes by bracket. Personalized analysis on WhatsApp or Discord in 30 seconds.
Civ guide
Shu
Perfil
LM | Gelga